 Dungeon Crawl Stone Soup version 0.23.2-30-g0e89c35649 (webtiles) character file.

Game seed: 11108398194826665454

51 troglodite the Charmwright (level 3, 0/31 HPs)
             Began as a Gnoll Skald on June 25, 2019.
             Slain by Sigmund
             ... wielding a +0 scythe
              (11 damage)
             ... on level 2 of the Dungeon.
             The game lasted 00:05:50 (1371 turns).

troglodite the Charmwright (Gnoll Skald)            Turns: 1371, Time: 00:05:51

Health: 0/31       AC: 12    Str: 13    XL:     3   Next: 81%
Magic:  3/9        EV:  7    Int: 16    God:
Gold:   84         SH:  0    Dex: 14    Spells: 8/12 levels left

rFire    . . .     SeeInvis .   a - +0 spear
rCold    . . .     Gourm    .   (no shield)
rNeg     + . .     Faith    .   r - +2 chain mail {rN+}
rPois    .         Spirit   .   (no helmet)
rElec    .         Reflect  .   o - +0 cloak
rCorr    .         Harm     .   (no gloves)
MR       .....                  (no boots)
Stlth    ..........             (no amulet)
HPRegen  0.10/turn              (no ring)
MPRegen  0.11/turn              (no ring)

@: infused, very slightly contaminated
A: distributed training, fangs 1, strong nose
a: no special abilities


You were on level 2 of the Dungeon.
You were not hungry.

You visited 1 branch of the dungeon, and saw 2 of its levels.

You collected 84 gold pieces.

Inventory:

Hand Weapons
 a - a +0 spear (weapon)
Armour
 o - a +0 cloak (worn)
 r - a +2 chain mail of positive energy (worn)
Scrolls
 b - 2 scrolls of fog {unknown}
 f - 2 scrolls of magic mapping {unknown}
 g - a scroll of fear {unknown}
 j - a scroll of identify {unknown}
 k - a scroll of noise {unknown}
 l - a scroll of random uselessness {unknown}
 m - a scroll of enchant weapon {unknown}
Potions
 e - a potion of berserk rage {unknown}
 h - a potion of ambrosia {unknown}
 i - a potion of haste {unknown}
 n - a potion of degeneration {unknown}
 p - a potion of lignification {unknown}
Comestibles
 c - 2 chunks of flesh
 d - a ration


   Skills:
 + Level 4.5 Fighting
 + Level 0.9 Short Blades
 + Level 0.9 Long Blades
 + Level 0.9 Axes
 + Level 0.9 Maces & Flails
 + Level 4.5 Polearms
 + Level 0.9 Staves
 + Level 0.9 Slings
 + Level 0.9 Bows
 + Level 0.9 Crossbows
 + Level 0.9 Throwing
 + Level 2.6 Armour
 + Level 4.5 Dodging
 + Level 0.9 Stealth
 + Level 0.9 Shields
 + Level 0.9 Unarmed Combat
 + Level 5.0 Spellcasting
 + Level 0.6 Conjurations
 + Level 0.6 Hexes
 + Level 5.4 Charms
 + Level 0.6 Summonings
 + Level 0.6 Necromancy
 + Level 0.6 Translocations
 + Level 0.6 Transmutations
 + Level 0.6 Fire Magic
 + Level 0.6 Ice Magic
 + Level 0.6 Air Magic
 + Level 0.6 Earth Magic
 + Level 0.6 Poison Magic
 + Level 1.0 Invocations
 + Level 0.9 Evocations


You had 8 spell levels left.
You knew the following spells:

 Your Spells              Type           Power        Failure   Level  Hunger
a - Infusion              Chrm           ###.         45%         1    None
b - Spectral Weapon       Hex/Chrm       ##......     99%         3    ###....

Your spell library contained the following spells:

 Spells                   Type           Power        Failure   Level  Hunger
 Song of Slaying          Chrm           ###.....     58%         2    #......
 Shroud of Golubria       Chrm/Tloc      ##........   90%         2    #......
 Regeneration             Chrm/Necr      ##........   99%         3    ###....


Dungeon Overview and Level Annotations

Branches:
Dungeon (2/15)

Altars:
Makhleb

Annotations:
D:2 Sigmund


Innate Abilities, Weirdness & Mutations

Your experience applies equally to all skills.
You have very sharp teeth.
Your uncanny sense of smell can sniff out nearby items.


Message History

The magic dart hits you but does no damage.
You closely miss something. Something hits you.
You hit something. Your bite misses something. You miss something.
Something hits you but does no damage.
You barely miss something. Your bite misses something. You hit something.
Something hits you but does no damage.
You miss something. Your bite misses something.
You hear some strange, mumbled words.
A magic dart appears from out of thin air!
The magic dart hits you.
You closely miss something.
You hear some strange, mumbled words.
A puff of flame appears from out of thin air!
The puff of flame misses you.
You hit something. Your bite misses something. You miss something.
Something hits you.
You miss something. Something hits you.
Your chain mail prevents you from hitting something.
You hit something. Something hits you!
You die...

#.# #.######.#
##.#####.######.#
.............##.##
....##...........#
.....#[#.#.#.<#..#
#...##.#.#.#..#..#
##.###.#.....@...#
#.# #.###....##{#
#.# #.# #.##. #@#
#+ #........##.#
### .# #.# .. ..#
.. ####


There were no monsters in sight!

Vanquished Creatures
  Terence (D:2)
  A leopard gecko (D:1)
  3 bats (D:1)
  3 goblins
  3 hobgoblins
  A kobold (D:1)
  A ball python (D:2)
  A frilled lizard (D:2)
  14 rats (D:1)
28 creatures vanquished.

Notes
Turn   | Place    | Note
-------+----------+-------------------------------------------
     0 | D:1      | troglodite the Gnoll Skald began the quest for the Orb.
     0 | D:1      | Reached XP level 1. HP: 20/20 MP: 6/6
   148 | D:1      | Reached XP level 2. HP: 25/26 MP: 7/7
   880 | D:2      | Noticed Terence
   900 | D:2      | Killed Terence
   900 | D:2      | Reached skill level 5 in Spellcasting
   900 | D:2      | Reached skill level 1 in Invocations
   900 | D:2      | Reached XP level 3. HP: 24/31 MP: 2/9
   913 | D:2      | Learned a level 3 spell: Spectral Weapon
  1126 | D:2      | Found a burning altar of Makhleb.
  1126 | D:2      | Noticed a balrug
  1131 | D:2      | Noticed a neqoxec
  1131 | D:2      | Noticed a neqoxec
  1341 | D:2      | Noticed Sigmund
  1371 | D:2      | Slain by Sigmund

Skill      XL: |  1  2 |
---------------+-------+-----
Spellcasting   | 5 |  5.0
Invocations    | 1 |  1.0
Fighting       | |  4.5
Short Blades   | |  0.9
Long Blades    | |  0.9
Axes           | |  0.9
Maces & Flails | |  0.9
Polearms       | |  4.5
Staves         | |  0.9
Slings         | |  0.9
Bows           | |  0.9
Crossbows      | |  0.9
Throwing       | |  0.9
Armour         | |  2.6
Dodging        | |  4.5
Stealth        | |  0.9
Shields        | |  0.9
Unarmed Combat | |  0.9
Conjurations   | |  0.6
Hexes          | |  0.6
Charms         | |  5.4
Summonings     | |  0.6
Necromancy     | |  0.6
Translocations | |  0.6
Transmutations | |  0.6
Fire Magic     | |  0.6
Ice Magic      | |  0.6
Air Magic      | |  0.6
Earth Magic    | |  0.6
Poison Magic   | |  0.6
Evocations     | |  0.9

Action                   || total
-------------------------++-------
Melee: Spear             ||   104
       Bite              ||     5
 Cast: Infusion          ||     2
 Stab: Sleeping          ||     1
  Eat: Chunk             ||     1
Armor: Leather armour    ||    11
       Chain mail        ||     6
       Scale mail        ||     5
Dodge: Dodged            ||    39
